 Dungeon Crawl Stone Soup version 0.18-a0-1157-g59db91b (webtiles) character file.

3287 Gorice the Cruncher (level 10, -2/80 HPs)
             Began as a Ghoul Wanderer on Jan 23, 2016.
             Was a Believer of Okawaru.
             Slain by an orc warrior
             ... wielding a +0 halberd
              (9 damage)
             ... on level 8 of the Dungeon.
             The game lasted 00:39:17 (7589 turns).

Gorice the Cruncher (Ghoul Wanderer)                Turns: 7589, Time: 00:39:17

Health: -2/80      AC: 14    Str: 16    XL:     10   Next: 1%
Magic:  9/9        EV:  8    Int: 12    God:    Okawaru [**....]
Gold:   428        SH:  0    Dex: 11    Spells: 0 memorised, 9 levels left

rFire  . . .     SeeInvis +     a - +0 quarterstaff
rCold  + . .     Gourm    .     y - +0 chain mail
rNeg   + + +     Faith    .     (shield currently unavailable)
rPois  ∞         Spirit   .     i - +1 helmet
rElec  .         Dismiss  .     r - +1 cloak
rCorr  .         Reflect  .     (no gloves)
SustAt .         Harm     .     (no boots)
MR     .....                    (no amulet)
Stlth  ..........               m - +4 ring of intelligence
                                k - ring of see invisible

@: heroism, rotting, not resistant to hostile enchantments, extremely unstealthy
A: rotting body, claws 1, carnivore 3, cold resistance 1, negative energy
resistance 3, slow regeneration 1, torment resistance, unbreathing
a: Heroism, Renounce Religion


You were on level 8 of the Dungeon.
You worshipped Okawaru.
Okawaru was pleased with you.
You were not hungry.

You visited 2 branches of the dungeon, and saw 9 of its levels.
You also visited: Sewer.

You collected 428 gold pieces.

Inventory:

Hand Weapons
 a - a +0 quarterstaff (weapon)
 e - a +0 hand axe of electrocution
   (You took it off an orc on level 3 of the Dungeon)
Missiles
 h - 3 tomahawks (quivered)
 l - 13 sling bullets
 n - 31 poisoned needles
 o - 79 bolts
 J - 7 javelins
 S - 7 steel javelins
 Z - 211 stones
Armour
 i - a +1 helmet (worn)
 r - a +1 cloak (worn)
 y - a +0 chain mail (worn)
Jewellery
 k - a ring of see invisible (left claw)
 m - a +4 ring of intelligence (right claw)
Wands
 d - a wand of cold (6/15)
 F - a wand of confusion (17/48)
Scrolls
 b - a scroll of remove curse
 g - 6 scrolls of teleportation {!r}
 t - a scroll of noise {!r}
 x - a scroll of amnesia
 C - a scroll of recharging
Potions
 c - a potion of curing
 u - a potion of flight
 v - a potion of cancellation {!q}
 w - a potion of brilliance {!q}
 z - 3 potions of haste {!q}
 A - 4 potions of invisibility {!q}
 B - a potion of agility {!q}
 D - a potion of might {!q}
Books
 E - a book of Transfigurations
Comestibles
 f - 7 meat rations {!e}
 p - 2 slices of pizza
 q - a beef jerky
 s - a royal jelly


   Skills:
 - Level 4.3(9.3) Fighting
 - Level 2.6(7.6) Axes
 * Level 12.2(17.2) Staves
 - Level 1.0(6.0) Throwing
 - Level 1.0(6.0) Armour
   Level 1.0(6.0) Shields


You had 9 spell levels left.
You didn't know any spells.

Dungeon Overview and Level Annotations

Branches:
Dungeon (8/15)             Temple (1/1) D:6
   Lair: D:8-11

Altars:
Ashenzari
Cheibriados
Dithmenos
Elyvilon
Fedhas
Gozag
Kikubaaqudgha
Makhleb
Nemelex Xobeh
Okawaru
Pakellas
Qazlal
Ru
Sif Muna
Trog
Vehumet
Xom
Yredelemnul
Zin
The Shining One

Shops:
D:7 [

Annotations:
D:7 pUX: ghost w distort!, namelastname112's ghost, novice DrMo


Innate Abilities, Weirdness & Mutations

Your body is rotting away.
You thrive on raw meat.
You are immune to poison.
You have sharp fingernails.
You are carnivorous and can eat meat at any time.
Your flesh is cold resistant.
You are immune to negative energy.
You regenerate slowly when monsters are visible.
You are immune to unholy pain and torment.
You can survive without breathing.


Message History

The orc warrior is heavily wounded.
You hit the orc warrior but do no damage.
The orc warrior is heavily wounded.
The orc warrior hits you with a halberd.
* * * LOW HITPOINT WARNING * * *
Damage: 4 (max 20)
You closely miss the orc warrior.
The orc warrior is heavily wounded.
You hit the orc warrior but do no damage.
The orc warrior is heavily wounded.
The orc warrior hits you with a halberd!
* * * LOW HITPOINT WARNING * * *
Damage: 11 (max 20)
You hit the orc warrior but do no damage.
The orc warrior is heavily wounded.
You hit the orc warrior but do no damage.
The orc warrior is heavily wounded.
The orc warrior closely misses you.
You hit the orc warrior.
The orc warrior is heavily wounded.
The orc warrior barely misses you.
Evoke which item? (* to show all) (? for menu, Esc to quit)
Zapping:
F - a wand of confusion {zapped: 5} (will waste charges)
Press: ? - help, Shift-Dir - straight line, f - orc warrior
Aim: an orc warrior, wielding a halberd and wearing a plate armour (heavily wounded, chance to defeat MR: 46%)
The orc warrior resists with some effort.
Evoking this partially-identified wand wasted a few charges.
The orc warrior hits you from afar with a halberd!
* * * LOW HITPOINT WARNING * * *
Damage: 12 (max 20) Unknown command.
Drink which item? (? for menu, Esc to quit)
Really quaff
j - a potion of heal wounds {!q}?
You feel much better.
The orc warrior hits you from afar with a halberd!
* * * LOW HITPOINT WARNING * * *
Unknown command.
Read which item? (? for menu, Esc to quit)
Okay, then.
Drink which item? (? for menu, Esc to quit)
Okay, then.
Evoke which item? (* to show all) (? for menu, Esc to quit)
Zapping:
d - a wand of cold (7/15)
Press: ? - help, Shift-Dir - straight line, f/p - orc warrior
Aim: an orc warrior, wielding a halberd and wearing a plate armour (heavily wounded)
The bolt of cold hits the orc warrior.
The orc warrior is almost dead.
This wand has 6 charges left.
The orc warrior hits you from afar with a halberd!
You die...

#.##............................
#.##.#.#.####.#.################
#.##.#.#.#.......# #...
#.##.#.#.#.#####.# #...
#.##.....#.# #.### #..#
#.##.....#.# #.<.# #..#
#.##.>.....# #.#.# #####..'
#.##.....#.#####.#.######......#
#.##.....#...o.@...............#
#.##.#...######.##.#####...###..
#.##.#...######............# #.#
#.##.#...##.........####...# #.#
#.##........###.##..##########.#
#.##.#...######.##.............#
#.##.....# #.........########...
#.##.#.#.# #.##.###..########..#
#.##.#.#.# #.##.................


You could see an orc warrior.

Vanquished Creatures
  2 yaks (D:8)
  A hungry ghost (D:5)
  2 ogres
  A sky beast (D:8)
  2 ice beasts
  3 phantoms (D:8)
  5 centaurs
  2 crocodiles (D:8)
  A big kobold (D:4)
  2 giant frogs
  A water moccasin zombie (D:7)
  11 killer bees (D:8)
  A crimson imp (D:6)
  A giant frog zombie (D:5)
  4 hounds (D:8)
  2 jellies
  4 orc priests
  A centaur skeleton (D:8)
  An orc wizard (D:8)
  2 iguanas
  3 worker ants
  2 hound skeletons (D:6)
  3 worker ant zombies
  9 adders
  A river rat (D:8)
  A shadow imp (D:7)
  An adder zombie (D:8)
  6 oozes
  An adder skeleton (D:4)
  5 worms
  4 giant geckos
  11 orcs
  3 ball pythons
  28 bats
  5 giant cockroaches
  4 goblins
  5 hobgoblins
  11 jackals
  2 quokkas
  A giant gecko skeleton (D:4)
  8 giant newts
  A jackal skeleton (D:7)
  7 kobolds
  15 rats
186 creatures vanquished.

Vanquished Creatures (others)
  A quokka (D:5)
  8 fungi (D:8)
  7 plants (D:8)
16 creatures vanquished.

Grand Total: 202 creatures vanquished

Notes
Turn   | Place    | Note
--------------------------------------------------------------
     0 | D:1      | Gorice the Ghoul Wanderer began the quest for the Orb.
     0 | D:1      | Gorice set off with: a +2 hand axe, a +0 quarterstaff, a potion of curing, a +0 robe, a meat ration {!e}
     0 | D:1      | Reached XP level 1. HP: 22/22 MP: 0/0
    91 | D:1      | Reached skill level 1 in Staves
   157 | D:1      | HP: 4/22 [hobgoblin/club (3)]
   431 | D:1      | Reached XP level 2. HP: 19/26 MP: 1/1
   759 | D:1      | Reached skill level 2 in Staves
  1210 | D:2      | Reached XP level 3. HP: 34/34 MP: 2/2
  1371 | D:2      | Found a glowing silver altar of Zin.
  1468 | D:2      | Reached skill level 3 in Staves
  1628 | D:2      | Found a basalt altar of Yredelemnul.
  1628 | D:2      | Found a shadowy altar of Dithmenos.
  1837 | D:3      | Reached XP level 4. HP: 36/40 MP: 3/3
  2023 | D:3      | Found a shimmering altar of Xom.
  2142 | D:3      | HP: 6/41 [orc priest/divine providence (16)]
  2146 | D:3      | Reached skill level 4 in Staves
  2146 | D:3      | Reached XP level 5. HP: 14/47 MP: 4/4
  2148 | D:3      | HP: 10/47 [worm (5)]
  2644 | D:3      | Found a white marble altar of Elyvilon.
  2652 | D:3      | Found an opulent altar of Gozag.
  2707 | D:4      | Noticed a big kobold
  2734 | D:4      | Killed a big kobold
  2734 | D:4      | Reached skill level 5 in Staves
  2734 | D:4      | Reached XP level 6. HP: 22/52 MP: 5/5
  3420 | D:5      | Entered Level 5 of the Dungeon
  3647 | D:5      | Noticed a hungry ghost
  3672 | D:5      | Killed a hungry ghost
  3672 | D:5      | Reached skill level 6 in Staves
  3672 | D:5      | Reached XP level 7. HP: 49/60 MP: 6/6
  3825 | D:5      | Found a glowing drain.
  3839 | Sewer    | Entered a sewer
  4457 | Sewer    | HP: 16/58 [worm (3)]
  4757 | D:5      | Found a white marble altar of Elyvilon.
  4813 | D:5      | Reached skill level 7 in Staves
  4912 | D:5      | Found an oddly glowing altar of Pakellas.
  4993 | D:5      | HP: 16/60 [acid (5)]
  4994 | D:5      | HP: 6/60 [acid (7)]
  5612 | D:6      | Reached XP level 8. HP: 67/67 MP: 7/7
  5640 | D:6      | Reached skill level 8 in Staves
  5746 | D:6      | Found a staircase to the Ecumenical Temple.
  5755 | Temple   | Entered the Ecumenical Temple
  5850 | Temple   | Became a worshipper of Warmaster Okawaru
  5967 | D:6      | Found an ancient bone altar of Kikubaaqudgha.
  5968 | D:6      | Found a blossoming altar of Fedhas.
  6071 | D:6      | Reached skill level 9 in Staves
  6177 | D:6      | Reached * piety under Okawaru
  6315 | D:7      | Found Juzung's Armour Shop.
  6317 | D:7      | Found a white marble altar of Elyvilon.
  6321 | D:7      | Noticed namelastname112's ghost (novice DrMo)
  6506 | D:8      | Reached skill level 10 in Staves
  6509 | D:8      | Reached XP level 9. HP: 23/70 MP: 6/8
  6510 | D:8      | HP: 15/70 [centaur/arrow (8)]
  6600 | D:8      | HP: 16/72 [crocodile (13)]
  6602 | D:8      | HP: 4/72 [crocodile (13)]
  6608 | D:8      | HP: 21/72 [rat (2)]
  6615 | D:8      | HP: 21/72 [bat (1)]
  6622 | D:8      | HP: 20/72 [bat (1)]
  6823 | D:8      | Reached skill level 11 in Staves
  6930 | D:8      | Reached ** piety under Okawaru
  7351 | D:8      | Reached skill level 12 in Staves
  7515 | D:8      | Reached XP level 10. HP: 71/78 MP: 9/9
  7564 | D:8      | HP: 23/77 [orc warrior/halberd (4)]
  7573 | D:8      | HP: 1/77 [orc warrior/halberd (12)]
  7589 | D:8      | Slain by an orc warrior

Vault maps used:
D:1:      minmay_arrival_checkered_box
D:2:      gammafunk_temple_overflow_elements, marbit_many_paths,
          minmay_stone_trees_small
D:3:      minitemple, serial_aquarium, aquarium_bridge_straight,
          aquarium_window_fake, aquarium_window_corner, aquarium_window_fake,
          aquarium_window_fake, aquarium_view_2c, aquarium_balcony_1b,
          aquarium_pool_five, serial_bayou_pond_b, minmay_misc_feat_cross,
          xom_teletrap_fun
D:4:      grunt_ministairs_6
D:5:      johnstein_pakellas_dig, first_bread, gup_sewer_entry_bubbles,
          elyvilon_altar_4
D:6:      grunt_temple_overflow_growth_and_decay,
          minmay_temple_entry_metal_lava, minmay_misc_feat_more_columns
D:7:      basic_altar, serial_shops, nicolae_shop_statue_plus, grunt_ogre_cave,
          uniq_crazy_yiuf_cottage, uniq_duvessa
D:8:      grunt_lair_entry_orc_guard_hut, serial_shops,
          nicolae_shop_statue_plus, minmay_misc_feat_room
Temple:   zaba_magenta_temple_12
Sewer:    sewer_fruit_machine

Action                   |  1- 3 |  4- 6 |  7- 9 | 10-12 || total
-------------------------+-------+-------+-------+-------++-------
Melee: Hand axe          |    74 |    65 |       |       ||   139
       Quarterstaff      |    21 |    74 |   723 |    26 ||   844
Throw: Tomahawk          |     2 |     1 |    26 |       ||    29
       Javelin           |       |       |    27 |       ||    27
Invok: Heroism           |       |       |     3 |     1 ||     4
Evoke: Wand              |       |       |     6 |     2 ||     8
  Use: Scroll            |     5 |     7 |    10 |       ||    22
       Potion            |       |     1 |     2 |     1 ||     4
 Stab: Sleeping          |     1 |       |       |       ||     1
       Confused          |       |       |     3 |       ||     3
  Eat: Chunk             |    21 |    20 |    83 |       ||   124

Table legend:
 A = Turns spent in this place as a percentage of turns spent in the entire game.
 B = Non-inter-level travel turns spent in this place as a percentage of non-inter-level travel turns spent in the entire game.
 C = Inter-level travel turns spent in this place as a percentage of turns spent in this place.
 D = Turns resting spent in this place as a percentage of non-inter-level travel turns spent in this place.
 E = Turns spent auto-exploring this place as a percentage of non-inter-level travel turns spent in this place.
 F = Non-inter-level travel turns spent in this place divided by the number of levels of this place that you've seen.
                   A       B       C       D       E      F
               +-------+-------+-------+-------+-------+----------------------
         Total | 100.0 | 100.0 |   0.3 |   0.4 |   4.7 | 327.6
       Dungeon |  81.7 |  81.7 |   0.3 |   0.4 |   5.6 | 334.5
        Temple |   3.2 |   3.2 |   0.9 |   0.0 |   1.0 | 105.0
         Sewer |  15.1 |  15.1 |   0.0 |   0.4 |   0.8 | 495.0
               +-------+-------+-------+-------+-------+----------------------

Vault maps used:
D:1:      minmay_arrival_checkered_box
D:2:      gammafunk_temple_overflow_elements, marbit_many_paths,
          minmay_stone_trees_small
D:3:      minitemple, serial_aquarium, aquarium_bridge_straight,
          aquarium_window_fake, aquarium_window_corner, aquarium_window_fake,
          aquarium_window_fake, aquarium_view_2c, aquarium_balcony_1b,
          aquarium_pool_five, serial_bayou_pond_b, minmay_misc_feat_cross,
          xom_teletrap_fun
D:4:      grunt_ministairs_6
D:5:      johnstein_pakellas_dig, first_bread, gup_sewer_entry_bubbles,
          elyvilon_altar_4
D:6:      grunt_temple_overflow_growth_and_decay,
          minmay_temple_entry_metal_lava, minmay_misc_feat_more_columns
D:7:      basic_altar, serial_shops, nicolae_shop_statue_plus, grunt_ogre_cave,
          uniq_crazy_yiuf_cottage, uniq_duvessa
D:8:      grunt_lair_entry_orc_guard_hut, serial_shops,
          nicolae_shop_statue_plus, minmay_misc_feat_room
Temple:   zaba_magenta_temple_12
Sewer:    sewer_fruit_machine
